 Dungeon Crawl Stone Soup version 0.22.0-18-ge075c0d (webtiles) character file.

65 KLATTERAL the Poker (level 4, -1/37 HPs)
             Began as a Ghoul Gladiator on Aug 18, 2018.
             Slain by an orc
             ... wielding a +0 falchion
              (4 damage)
             ... on level 3 of the Dungeon.
             The game lasted 00:11:08 (1903 turns).

KLATTERAL the Poker (Ghoul Gladiator)               Turns: 1903, Time: 00:11:09

Health: -1/37      AC:  4    Str: 17    XL:     4   Next: 14%
Magic:  3/3        EV: 12    Int:  4    God:
Gold:   29         SH:  0    Dex: 10    Spells: 3/3 levels left

rFire    + . .     SeeInvis +   a - +0 trident
rCold    + . .     Gourm    +   (no shield)
rNeg     + + +     Faith    .   b - +0 leather armour
rPois    ∞         Spirit   .   c - +0 helmet
rElec    .         Reflect  .   (no cloak)
rCorr    .         Harm     .   (no gloves)
MR       .....                  (no boots)
Stlth    +.........             q - amulet of the gourmand
HPRegen  0.00/turn              j - ring of see invisible (curse)
MPRegen  0.08/turn              p - ring of protection from fire

@: rotting
A: rotting body, claws 1, carnivore, cold resistance 1, negative energy
resistance 3, inhibited regeneration, torment resistance, unbreathing
a: no special abilities


You were on level 3 of the Dungeon.
You were not hungry.

You visited 1 branch of the dungeon, and saw 3 of its levels.

You collected 29 gold pieces.

Inventory:

Hand Weapons
 a - a +0 trident (weapon)
 i - a +0 hunting sling
Missiles
 h - 92 sling bullets
Armour
 b - a +0 leather armour (worn)
 c - a +0 helmet (worn)
Jewellery
 j - a cursed ring of see invisible (left claw)
 p - a ring of protection from fire (right claw)
 q - an amulet of the gourmand (around neck)
Scrolls
 e - a scroll of fog {unknown}
 g - a scroll of remove curse {unknown}
 k - a scroll of enchant weapon {unknown}
 o - a scroll of enchant armour {unknown}
 r - a scroll of amnesia {unknown}
Potions
 l - a potion of curing {unknown}
 m - a potion of heal wounds {unknown}
 s - a potion of cancellation {unknown}
Comestibles
 f - 4 rations
 t - a chunk of flesh


   Skills:
 + Level 2.3 Fighting
 + Level 3.7 Polearms
 + Level 2.0 Throwing
 + Level 1.2 Armour
 + Level 3.0 Dodging


You had 3 spell levels left.
You didn't know any spells.
Your spell library was empty.

Dungeon Overview and Level Annotations

Branches:
Dungeon (3/15)

Altars:
Zin


Innate Abilities, Weirdness & Mutations

Your body is rotting away.
You thrive on raw meat.
You are immune to poison.
You have sharp fingernails.
You are carnivorous and can eat meat at any time.
Your flesh is cold resistant. (rC+)
You are immune to negative energy. (rN+++)
You do not regenerate when monsters are visible.
You are immune to unholy pain and torment.
You can survive without breathing.


Message History

The adder barely misses you.
You eat one of the 2 chunks of flesh.
This raw flesh tastes great!
The orc misses you. The orc hits you with a falchion. The adder bites you.
As you read the scroll labeled GEAZIM GOAKK, it crumbles to dust.
You hear a loud clanging noise!
It was a scroll of noise.
You hear a shout! x12
The orc barely misses you. The adder bites you.
* * * LOW HITPOINT WARNING * * *
The orc hits you with a falchion.
* * * LOW HITPOINT WARNING * * *
You hear a shout!
The adder bites you but does no damage.
A leopard gecko comes into view.
You see here a club.
The adder bites you but does no damage.
The orc hits you from afar with a trident.
* * * LOW HITPOINT WARNING * * *
The orc hits you with a falchion.
You die...

... ..( #.# #.# .
#####.# .. #...#.#
... #.#.#<#
....####.#.#.#
.........#.#@#
...........oS#######
.........†o.o.......
............########
#...........#
#...........#
#.........%.#
#......l....#
#...........#


You could see an adder, 3 orcs and a leopard gecko.

Vanquished Creatures
  An adder (D:2)
  A gnoll (D:1)
  2 worms (D:2)
  3 dart slugs
  A leopard gecko (D:1)
  3 bats (D:2)
  A giant cockroach (D:2)
  10 goblins
  A hobgoblin (D:2)
  2 jackals (D:1)
  3 kobolds
  2 quokkas (D:2)
  2 ball pythons
32 creatures vanquished.

Notes
Turn   | Place    | Note
-------+----------+-------------------------------------------
     0 | D:1      | KLATTERAL the Ghoul Gladiator began the quest for the Orb.
     0 | D:1      | Reached XP level 1. HP: 17/17 MP: 0/0
   105 | D:1      | Reached XP level 2. HP: 23/24 MP: 1/1
   709 | D:2      | Found a glowing silver altar of Zin.
   724 | D:2      | Reached XP level 3. HP: 20/29 MP: 2/2
  1075 | D:2      | Reached skill level 1 in Armour
  1231 | D:2      | Reached XP level 4. HP: 37/37 MP: 3/3
  1903 | D:3      | Slain by an orc

Skill      XL: |  1  2  3 |
---------------+----------+-----
Polearms       | 3 |  3.7
Dodging        | 3 |  3.0
Throwing       | 2 |  2.0
Armour         | 1 |  1.2
Fighting       | |  2.3

Action                   |  1- 3 |  4- 6 || total
-------------------------+-------+-------++-------
Melee: Trident           |    87 |    25 ||   112
 Fire: Hunting sling     |       |     1 ||     1
Throw: Throwing net      |     3 |     4 ||     7
  Use: Scroll            |       |     1 ||     1
  Eat: Chunk             |    17 |     5 ||    22
Armor: Leather armour    |    28 |     7 ||    35
Dodge: Dodged            |    64 |    30 ||    94
